AoeStats
← Dark

Arena

509581972Analyzed
1v1 RM · 4d ago on Sep 27, 2026· 17m 43s· 2 players
Game mode
Random Map
Map size
Tiny (2 player)
Population
200
Speed
Normal
Resources
Standard
Victory
Conquest
Starting age
Dark Age
Ending age
Imperial Age
RankedLock teamsTeams togetherTeam positionsShared explorationLock speedFull tech treeHidden civsTurbo modeCheats
Victory
Defeat
🇨🇳 Spanish · China
862
+17
🇧🇬 Turks · Bulgaria
892
-17
Kazuha
10:41 Feudal Age
14:35 Castle Age
12:34 Double-Bit Axe
12:41 Horse Collar
13:36 Loom
Dark
6:24 Loom
10:20 Feudal Age
15:05 Castle Age
Connection lost

Rejoining the realm…

Still unreachable

The connection could not be restored.

Session expired

The server has moved on; the page needs a fresh start.